Map: 시퀀스 - LE

Players

Minato

  • Race: Zerg Zerg
  • Spawn Location: 1:00

DnS - Winner!

  • Race: Protoss Protoss
  • Spawn Location: 7:00

Event: WCS Jonkoping 2017

VOD

Have the link to the VOD?

Description

Time

  • Played on: June 17, 2017, 11:19 a.m.
  • Length: 16:32

All games in this series

Show
View Real Time Build Order
Export as new Build Order

Minato Zerg 

Build Orders: Pool First, Lurkers 

Get SALT Encoding   

  12  0:01  Drone  
  13  0:12  Overlord  
  13  0:17  Drone  
  14  0:31  Drone  
  15  0:38  Spawning Pool  
  15  0:40  Drone  
  15  0:45  Drone  
  15  0:49  Drone  
  17  1:11  Hatchery  
  17  1:13  Drone  
  17  1:24  Zergling x2  
  17  1:25  Zergling x2  
  19  1:28  Extractor, Drone  
  19  1:34  Queen  
  21  1:45  Drone  
  22  1:54  Overlord  
  22  2:12  Queen  
  22  2:13  Drone  
  22  2:14  Drone  
  26  2:22  Drone  
  27  2:24  Drone  
  28  2:32  Queen  
  28  2:36  Drone  
  31  2:37  Drone  
  31  2:41  Drone  
  31  2:44  Drone  
  34  2:46  Drone  
  34  2:49  Drone  
  36  2:58  Overlord x2  
  35  3:13  Overlord  
  35  3:17  Drone x3  
  35  3:18  Drone x3  
  40  3:26  Hatchery  
  39  3:27  Zergling x2  
  39  3:31  Zergling x4  
  42  3:35  Metabolic Boost  
  42  3:45  Drone x4  
  46  3:54  Drone  
  46  3:55  Drone x3  
  49  3:56  Drone x3  
  49  4:01  Overlord  
  53  4:06  Spore Crawler, Drone  
  53  4:09  Lair  
  53  4:11  Extractor  
  53  4:12  Extractor  
  53  4:13  Spore Crawler  
  50  4:18  Drone  
  50  4:22  Zergling x4  
  50  4:23  Zergling x2  
  54  4:24  Baneling Nest, Zergling x2  
  54  4:26  Zergling x2  
  54  4:29  Zergling x4  
  54  4:30  Zergling x2  
  58  4:38  Evolution Chamber  
  57  4:39  Drone  
  57  4:45  Drone x3  
  60  4:46  Drone  
  60  4:49  Drone  
  63  4:53  Spore Crawler  
  63  4:55  Drone x3  
  63  4:57  Drone  
  65  5:09  Spore Crawler  
  65  5:10  Drone x6  
  70  5:15  Centrifical Hooks  
  70  5:16  Hydralisk Den  
  70  5:21  Overlord x2  
  69  5:23  Zerg Melee Weapons Level 1  
  69  5:28  Extractor, Baneling x2  
  69  5:29  Baneling x5  
  68  5:36  Zergling x8  
  68  5:37  Zergling x4  
  68  5:39  Overlord  
  74  5:49  Hydralisk x2  
  74  5:53  Muscular Augments  
  75  6:00  Hydralisk  
  75  6:01  Zergling x4  
  75  6:02  Zergling x8  
  81  6:12  Hydralisk, Zergling x2  
  81  6:13  Zergling x10  
  81  6:15  Hydralisk  
  88  6:19  Baneling  
  88  6:21  Zergling x2  
  89  6:29  Zergling x4  
  89  6:31  Baneling x4  
  90  6:39  Zergling x2  
  90  6:42  Overlord x3  
  90  6:43  Overlord  
  90  6:44  Overlord  
  89  6:54  Zergling x4  
  89  6:58  Hydralisk x2  
  89  6:59  Zergling x8  
  88  7:04  Hydralisk x2, Zergling x4  
  82  7:10  Hydralisk, Zergling x2  
  82  7:12  Overseer  
  82  7:17  Zergling x2  
  82  7:18  Zergling x2  
  82  7:20  Hydralisk, Zergling x2  
  82  7:21  Zergling x4  
  85  7:26  Hydralisk x2  
  89  7:30  Baneling  
  89  7:31  Baneling  
  89  7:32  Zergling x2  
  89  7:35  Baneling  
  89  7:36  Zergling x2  
  91  7:40  Zergling x2  
  91  7:42  Baneling x2  
  91  7:43  Baneling  
  91  7:48  Zergling x6  
  92  7:54  Hydralisk x2  
  92  7:55  Zergling x10  
  92  7:56  Zergling x6  
  98  8:00  Baneling  
  98  8:05  Baneling x2  
  98  8:07  Zergling x6  
  98  8:12  Hatchery  
  93  8:15  Hydralisk  
  93  8:16  Zergling x4  
  93  8:29  Zergling x16  
  93  8:31  Baneling x3  
  93  8:32  Baneling  
  93  8:33  Baneling  
  101  8:38  Baneling x4  
  99  8:41  Baneling  
  99  8:43  Zergling x6  
  99  8:44  Zergling x2  
  99  8:47  Zergling x2  
  100  8:54  Hydralisk x2, Zergling x4  
  100  8:55  Zergling x2  
  98  9:01  Hydralisk  
  98  9:02  Zergling x4  
  88  9:03  Zergling x2  
  88  9:05  Zergling x4  
  88  9:08  Zergling x2  
  83  9:10  Zergling x2  
  83  9:11  Zergling x2  
  79  9:17  Zergling x6  
  82  9:25  Baneling x9  
  82  9:27  Baneling x3  
  82  9:29  Baneling  
  82  9:31  Zergling x2  
  82  9:35  Hydralisk, Zergling x2  
  82  9:38  Zergling x4  
  88  9:40  Zergling x2  
  88  9:41  Zergling x2  
  88  9:45  Zergling x4  
  92  9:46  Zergling x2  
  92  9:47  Zergling x2  
  87  9:53  Hydralisk, Zergling x4  
  87  9:55  Zergling x2  
  87  9:56  Zergling x2  
  87  9:59  Zergling x4  
  91  10:07  Baneling x6  
  91  10:08  Baneling x3  
  91  10:10  Zergling x4  
  91  10:11  Zergling x2  
  94  10:16  Hydralisk, Zergling x2  
  94  10:17  Zergling x2  
  94  10:20  Zergling x4  
  100  10:28  Hydralisk, Zergling x6  
  93  10:34  Hydralisk  
  93  10:35  Zergling x6  
  90  10:39  Zergling x4  
  90  10:40  Zergling x2  
  82  10:45  Hydralisk, Zergling x2  
  82  10:46  Zergling x2  
  86  10:50  Zergling x6  
  86  10:54  Drone x2  
  86  10:56  Drone  
  92  11:01  Drone x3  
  92  11:04  Drone x2  
  96  11:16  Drone  
  96  11:17  Drone x3  
  96  11:18  Lurker Den  
  98  11:19  Drone  
  98  11:20  Drone x3  
  98  11:25  Baneling x2  
  100  11:30  Drone x3  
  100  11:32  Zerg Missile Weapons Level 1  
  103  11:34  Drone x2  
  103  11:35  Drone  
  105  11:40  Drone  
  105  11:45  Drone x3  
  105  11:46  Drone x4  
  104  11:58  Hydralisk x2, Zergling x4  
  104  11:59  Extractor, Zergling x4  
  104  12:00  Spore Crawler, Zergling x2  
  111  12:03  Extractor  
  111  12:08  Hydralisk x2  
  110  12:09  Extractor  
  113  12:16  Drone x2  
  115  12:28  Hydralisk x3  
  115  12:29  Hydralisk x3, Zergling x10  
  124  12:35  Baneling x2  
  124  12:36  Baneling x5  
  124  12:41  Hydralisk  
  124  12:42  Zergling x2  
  127  12:46  Lurker  
  127  12:51  Overlord x2  
  127  12:52  Overlord x4  
  127  12:53  Baneling x3  
  127  13:02  Lurker  
  127  13:05  Baneling x8  
  127  13:10  Hydralisk x3, Zergling x2  
  127  13:11  Zergling x6  
  134  13:12  Zergling x2  
  134  13:13  Zergling x4  
  133  13:22  Hydralisk x2  
  133  13:23  Zergling x4  
  138  13:30  Hydralisk, Zergling x6  
  138  13:32  Zergling x2  
  138  13:33  Zergling x2  
  141  13:37  Queen  
  141  13:38  Lurker  
  141  13:39  Lurker  
  141  13:40  Lurker  
  147  13:41  Lurker  
  147  13:42  Lurker  
  147  13:44  Lurker  
  147  13:45  Lurker  
  147  13:46  Lurker  
  151  13:55  Hydralisk x2  
  151  13:56  Zergling x6  
  151  13:57  Zergling x4  
  151  14:02  Zergling x6  
  162  14:03  Zergling x2  
  163  14:14  Hydralisk x2, Zergling x2  
  163  14:15  Zergling x6  
  163  14:16  Zergling x2  
  168  14:19  Hydralisk, Zergling x2  
  168  14:20  Zergling x2  
  168  14:23  Overlord  
  167  14:34  Hydralisk  
  167  14:35  Hydralisk, Zergling x4  
  169  14:45  Queen  
  165  14:47  Nydus Network  
  165  14:50  Overseer  
  164  14:52  Pneumatized Carapace  
  164  14:56  Lurker  
  164  14:57  Lurker  
  166  15:03  Hydralisk x2, Zergling x6  
  166  15:04  Zergling x4  
  172  15:08  Zergling x4  
  172  15:09  Zergling x2  
  172  15:13  Overseer  
  175  15:24  Nydus Canal  
  175  15:31  Hydralisk x2  
  175  15:32  Zergling x8  
  175  15:34  Baneling x5  
  175  15:35  Baneling  
  177  16:00  Lurker x4  
  178  16:05  Overlord x3  
  178  16:06  Overlord x2  
  177  16:15  Zergling x4  
Show
View Real Time Build Order
Export as new Build Order

DnS Protoss - Winner!

Build Orders: 1 Gate Expand 

Get SALT Encoding   

  12  0:00  Probe (Chrono Boost)  
  13  0:11  Probe (Chrono Boost)  
  14  0:19  Pylon  
  14  0:22  Probe (Chrono Boost)  
  15  0:37  Probe (Chrono Boost)  
  15  0:40  Gateway  
  16  0:48  Probe (Chrono Boost)  
  16  0:49  Assimilator  
  17  0:58  Probe (Chrono Boost)  
  18  1:09  Probe (Chrono Boost)  
  19  1:21  Nexus  
  19  1:24  Probe (Chrono Boost)  
  20  1:34  Cybernetics Core  
  20  1:37  Probe (Chrono Boost)  
  21  1:45  Assimilator  
  21  1:47  Probe (Chrono Boost)  
  21  1:52  Pylon  
  22  1:58  Probe (Chrono Boost)  
  23  2:10  Probe (Chrono Boost)  
  27  2:24  Mothership Core  
  28  2:30  Pylon, Warp Gate, Adept (Chrono Boost)  
  28  2:39  Probe  
  29  2:45  Probe  
  29  2:50  Probe (Chrono Boost)  
  31  2:57  Probe (Chrono Boost)  
  32  3:02  Probe (Chrono Boost)  
  33  3:08  Probe (Chrono Boost)  
  33  3:11  Stargate  
  33  3:12  Probe (Chrono Boost)  
  35  3:18  Probe (Chrono Boost)  
  34  3:23  Probe (Chrono Boost), Adept  
  37  3:29  Probe (Chrono Boost)  
  37  3:33  Probe (Chrono Boost)  
  39  3:39  Probe (Chrono Boost)  
  40  3:44  Probe (Chrono Boost)  
  41  3:49  Probe (Chrono Boost)  
  41  3:50  Adept  
  41  3:55  Pylon  
  44  3:58  Pylon  
  44  3:59  Probe  
  45  4:06  Probe  
  46  4:13  Probe, Oracle (Chrono Boost)  
  46  4:15  Pylon  
  46  4:16  Probe  
  50  4:20  Nexus  
  51  4:25  Pylon, Probe  
  51  4:27  Probe  
  53  4:37  Probe x2, Gateway  
  54  4:41  Gateway  
  55  4:46  Oracle (Chrono Boost)  
  55  4:49  Probe, Assimilator  
  55  4:50  Probe  
  60  4:53  Assimilator  
  60  5:00  Probe  
  60  5:01  Probe  
  62  5:11  Probe  
  63  5:14  Robotics Facility  
  63  5:15  Robotics Facility  
  63  5:19  Probe, Robotics Facility  
  63  5:20  Robotics Facility  
  64  5:25  Pylon, Sentry  
  66  5:28  Probe  
  66  5:31  Probe  
  66  5:35  Probe  
  68  5:36  Phoenix (Chrono Boost)  
  68  5:39  Probe  
  68  5:40  Sentry x2  
  76  5:43  Probe  
  76  5:44  Pylon  
  76  5:46  Probe  
  78  5:50  Probe  
  78  5:56  Probe x2  
  80  6:00  Probe  
  80  6:03  Adept x2  
  86  6:04  Adept  
  86  6:08  Probe  
  86  6:10  Probe  
  87  6:14  Probe  
  90  6:18  Observer (Chrono Boost)  
  90  6:20  Probe, Assimilator  
  90  6:21  Probe, Assimilator  
  90  6:22  Twilight Council  
  90  6:24  Forge  
  92  6:25  Probe  
  93  6:32  Stalker x2  
  93  6:33  Stalker  
  101  6:40  Immortal (Chrono Boost)  
  101  6:47  Gateway  
  101  6:48  Pylon, Gateway  
  101  6:52  Pylon, Gateway  
  101  6:55  Immortal (Chrono Boost)  
  101  7:00  Zealot x3  
  97  7:02  Charge  
  94  7:16  Immortal (Chrono Boost)  
  94  7:17  Gateway  
  94  7:21  Zealot x3  
  100  7:26  Pylon  
  100  7:28  Photon Cannon  
  100  7:32  Immortal (Chrono Boost)  
  104  7:42  Sentry x3  
  110  7:44  Protoss Ground Weapons Level 1 (Chrono Boost)  
  110  7:45  Templar Archives  
  110  7:48  Zealot x2  
  114  7:54  Immortal (Chrono Boost)  
  114  7:59  Zealot  
  116  8:06  Zealot x2, Immortal (Chrono Boost)  
  116  8:07  Zealot  
  119  8:18  Zealot x2  
  117  8:25  Zealot, Immortal (Chrono Boost)  
  111  8:29  High Templar x3  
  111  8:33  Archon  
  111  8:34  High Templar  
  121  8:35  Immortal (Chrono Boost)  
  121  8:38  Gateway, Archon  
  125  8:41  Pylon  
  125  8:42  Pylon  
  125  8:53  Zealot x2  
  113  9:01  Zealot  
  113  9:02  Zealot x3  
  105  9:04  Immortal  
  109  9:12  Mothership Core  
  109  9:16  Immortal  
  111  9:17  High Templar x2  
  111  9:18  Zealot  
  111  9:22  Nexus, Archon  
  121  9:25  Zealot x3  
  121  9:29  Zealot  
  129  9:40  High Templar  
  129  9:41  High Templar  
  129  9:44  Archon  
  133  9:52  Immortal  
  125  9:55  Zealot, Immortal, High Templar x2  
  125  9:56  Zealot x3  
  125  9:59  Archon  
  135  10:10  Protoss Ground Weapons Level 2 (Chrono Boost)  
  135  10:12  Pylon  
  135  10:13  Pylon  
  135  10:14  Zealot  
  135  10:15  Zealot  
  139  10:23  Zealot  
  139  10:28  Zealot x4  
  121  10:36  Mothership Core, Warp Prism  
  121  10:40  High Templar x2  
  125  10:43  Gateway  
  125  10:44  Immortal  
  125  10:45  Archon  
  125  10:47  Gateway  
  129  10:52  Assimilator  
  129  11:02  Zealot x2, High Templar x2  
  129  11:03  Zealot x2  
  141  11:06  Archon  
  138  11:19  High Templar x2  
  138  11:23  Archon  
  138  11:24  Immortal  
  141  11:28  Photon Cannon  
  141  11:29  Observer, Photon Cannon  
  141  11:30  Pylon  
  146  11:43  Zealot, Probe  
  146  11:44  Probe, Pylon  
  146  11:45  Probe x2  
  146  11:46  Pylon  
  147  11:48  Pylon  
  147  11:49  Psionic Storm  
  147  11:54  Probe  
  150  12:04  High Templar x2  
  150  12:05  High Templar  
  154  12:09  Probe x2  
  154  12:11  Photon Cannon  
  154  12:12  Pylon  
  153  12:19  Protoss Shields Level 1 (Chrono Boost)  
  153  12:22  Zealot x4  
  161  12:28  High Templar x3  
  167  12:48  Zealot x3  
  167  12:49  Zealot x2  
  167  12:50  Zealot  
  167  12:51  Zealot  
  179  12:59  Pylon, Blink (Chrono Boost)  
  179  13:13  High Templar x3  
  179  13:15  High Templar  
  179  13:18  Photon Cannon, Archon  
  177  13:20  Photon Cannon  
  177  13:24  Photon Cannon  
  177  13:25  Archon  
  169  13:35  Photon Cannon  
  169  13:36  Photon Cannon  
  169  13:38  Photon Cannon  
  169  13:40  High Templar x2  
  173  13:44  Archon  
  173  13:45  High Templar x2  
  177  13:49  Archon  
  177  13:51  Nexus  
  177  13:52  Pylon  
  175  14:05  High Templar x2  
  175  14:09  Archon  
  179  14:12  Zealot x3  
  179  14:13  Zealot x3  
  191  14:17  Observer  
  191  14:20  Observer  
  191  14:22  Photon Cannon  
  193  14:25  Photon Cannon  
  193  14:33  Zealot x4  
  181  14:49  Probe, Oracle (Chrono Boost)  
  185  15:05  Fleet Beacon  
  181  15:07  Stargate  
  181  15:11  Stargate  
  181  15:15  Photon Cannon  
  181  15:16  Probe  
  181  15:17  Probe x4  
  181  15:18  Photon Cannon  
  186  15:40  Zealot x5  
  186  15:41  Zealot x2  
  200  15:46  Observer  
  200  15:49  Observer  
  196  16:01  Zealot x4  
  196  16:02  Zealot x2  
  174  16:22  Zealot x8  
  174  16:23  Zealot x2  
Tags
 
Add a new tag
Caveats
  • Supply blocks, unpowered buildings, or Contaminate may cause inaccurate times.
  • Supply counts are checked every 10 seconds.